 Dungeon Crawl Stone Soup version 0.28.0-43-g3370ac3207 (webtiles) character file.

Game seed: 6433454530353029490

80 Ablot the Grasshopper (level 4, -8/38 HPs)
             Began as a Gnoll Warper on Mar 12, 2022.
             Mangled by a gnoll
             ... wielding a +0 flail
              (12 damage)
             ... on level 2 of the Dungeon.
             The game lasted 00:02:30 (1796 turns).

Ablot the Grasshopper (Gnoll Warper)                Turns: 1796, Time: 00:02:31

Health: -8/38      AC:  3    Str: 13    XL:     4   Next: 39%
Magic:  11/11      EV: 12    Int: 12    God:
Gold:   76         SH:  0    Dex: 11    Spells: 11/13 levels left

rFire   . . .      SeeInvis .   k - +0 spear (vorpal)
rCold   . . .      Faith    .   (no shield)
rNeg    . . .      Spirit   .   b - +0 leather armour
rPois   .          Reflect  .   (no helmet)
rElec   .          Harm     .   (no cloak)
rCorr   .          Rampage  .   (no gloves)
Will    .....                   (no boots)
Stlth   +.........              (no amulet)
HPRegen 0.12/turn               (no ring)
MPRegen 0.12/turn               (no ring)

@: no status effects
A: fangs 1, strong nose, distributed training
a: no special abilities


You were on level 2 of the Dungeon.
You visited 1 branch of the dungeon, and saw 2 of its levels.

You collected 90 gold pieces.
You spent 14 gold pieces at shops.

Inventory:

Hand Weapons
 k - a +0 vorpal spear (weapon)
Missiles
 d - 5 boomerangs of dispersal
 f - 6 poisoned darts (quivered)
 g - 32 bolts
 i - 18 stones
Armour
 b - a +0 leather armour (worn)
Scrolls
 a - 2 scrolls of magic mapping {unknown}
 c - a scroll of blinking
 e - a scroll of teleportation {unknown}
 h - 2 scrolls of identify {unknown}


   Skills:
 + Level 4.6 Fighting
 + Level 1.1 Short Blades
 + Level 1.1 Long Blades
 + Level 1.1 Axes
 + Level 1.1 Maces & Flails
 + Level 4.6 Polearms
 + Level 1.1 Staves
 + Level 1.1 Slings
 + Level 1.1 Bows
 + Level 1.1 Crossbows
 + Level 2.7 Throwing
 + Level 2.7 Armour
 + Level 4.6 Dodging
 + Level 1.1 Stealth
 + Level 1.1 Shields
 + Level 1.1 Unarmed Combat
 + Level 5.1 Spellcasting
 + Level 0.9 Conjurations
 + Level 0.9 Hexes
 + Level 0.9 Summonings
 + Level 0.9 Necromancy
 + Level 5.4 Translocations
 + Level 0.9 Transmutations
 + Level 0.9 Fire Magic
 + Level 0.9 Ice Magic
 + Level 0.9 Air Magic
 + Level 0.9 Earth Magic
 + Level 0.9 Poison Magic
 + Level 1.2 Invocations
 + Level 1.1 Evocations


You had 11 spell levels left.
You knew the following spells:

 Your Spells              Type           Power      Damage    Failure   Level
a - Blink                 Tloc           32%        N/A       4%          2

Your spell library contained the following spells:

 Spells                   Type           Power      Damage    Failure   Level
 Gell's Gravitas          Tloc           16%        N/A       8%          3
 Lesser Beckoning         Tloc           16%        N/A       8%          3
 Teleport Other           Tloc           16%        N/A       8%          3
 Conjure Flame            Conj/Fire      5%         6-21      45%         3
 Ignite Poison            Fire/Tmut/Pois 5%         N/A       45%         3
 Manifold Assault         Tloc           16%        N/A       58%         5
 Sticky Flame             Conj/Fire      5%         2d3       86%         4


Dungeon Overview and Level Annotations

Branches:
Dungeon (2/15)

Altars:

Shops:
D:1 !


Innate Abilities, Weirdness & Mutations

You have very sharp teeth.
Your uncanny sense of smell can sniff out nearby items.
Your experience applies equally to all skills.


Message History

You hit the adder. Your bite misses the adder.
The adder is almost dead.
You feel very sick. The adder closely misses you.
Unknown command.
You hit the adder.
You kill the adder!
You feel sick.
Unknown command.
Reach: k) +0 spear (vorpal)
Press: ? - help, Dir - move target, f - gnoll
Aim: a gnoll, wielding a +0 flail and wearing a +0 ring mail (about 30% to evade your +0 vorpal spear)
You reach to attack!
You hit the gnoll.
The gnoll is severely wounded.
* * * LOW HITPOINT WARNING * * *
You feel sick.
It was a potion of cancellation.
You feel magically purged.
* * * LOW HITPOINT WARNING * * *
You feel sick. The gnoll hits you with a +0 flail.
* * * LOW HITPOINT WARNING * * *
Unknown command.
It was a potion of curing.
You feel better. The gnoll hits you with a +0 flail.
Unknown command.
You hit the gnoll but do no damage. You bite the gnoll.
The gnoll is almost dead.
The gnoll closely misses you.
You closely miss the gnoll.
The gnoll is almost dead.
The gnoll closely misses you.
You barely miss the gnoll. You punch the gnoll, but do no damage.
The gnoll is almost dead.
The gnoll hits you with a +0 flail!
* * * LOW HITPOINT WARNING * * *
You closely miss the gnoll.
The gnoll is almost dead.
The gnoll barely misses you.
You barely miss the gnoll.
The gnoll is almost dead.
The gnoll hits you with a +0 flail!
You die...

.......##...........<#
.......##.####+#.#####
......†##.####.#.......#
...........)............
#########......#########
# ######.#
########################
........................
###############.@...##
...)............g....#
###############...g..#
....†.........'...g..#
###############......#
########+##.# #.....#
..#.# #.....# #.#†#
#.....###.#.###.#


You could see 3 gnolls.

Vanquished Creatures
  2 adders (D:2)
  A gnoll (D:1)
  4 dart slugs
  A ball python (D:2)
  2 giant cockroaches (D:1)
  6 goblins
  6 hobgoblins
  2 kobolds (D:2)
  4 quokkas
  2 bats (D:1)
  5 frilled lizards
  8 rats
43 creatures vanquished.

Notes
Turn   | Place    | Note
-------+----------+-------------------------------------------
     0 | D:1      | Ablot the Gnoll Warper began the quest for the Orb.
     0 | D:1      | Reached XP level 1. HP: 20/20 MP: 6/6
   290 | D:1      | Reached XP level 2. HP: 22/26 MP: 7/7
   294 | D:1      | Learned a level 2 spell: Blink
   352 | D:1      | Found Duluasur's Distillery.
   366 | D:1      | Bought a potion of degeneration for 14 gold pieces
   746 | D:1      | Reached XP level 3. HP: 31/31 MP: 9/9
   840 | D:1      | Reached skill level 5 in Spellcasting
  1219 | D:1      | Reached skill level 1 in Invocations
  1468 | D:2      | Reached skill level 1 in Short Blades
  1468 | D:2      | Reached skill level 1 in Long Blades
  1468 | D:2      | Reached skill level 1 in Axes
  1468 | D:2      | Reached skill level 1 in Maces & Flails
  1468 | D:2      | Reached skill level 1 in Staves
  1468 | D:2      | Reached skill level 1 in Slings
  1468 | D:2      | Reached skill level 1 in Bows
  1468 | D:2      | Reached skill level 1 in Crossbows
  1468 | D:2      | Reached skill level 1 in Stealth
  1468 | D:2      | Reached skill level 1 in Shields
  1468 | D:2      | Reached skill level 1 in Unarmed Combat
  1468 | D:2      | Reached skill level 1 in Evocations
  1468 | D:2      | Reached XP level 4. HP: 31/38 MP: 11/11
  1796 | D:2      | Mangled by a gnoll

Illustrated notes

Levels and vault maps discovered:
D:1:      mushboom_english_gardens, layout_basic, serial_shops, shop,
          chequers_serial_rivers_small_a
D:2:      layout_basic, serial_shops, shop, hellmonk_ecumenical_altar_run_dry,
          minmay_bisected

Skill      XL: |  1  2  3 |
---------------+----------+-----
Spellcasting   | 5 |  5.1
Invocations    | 1 |  1.2
Short Blades   | 1 |  1.1
Long Blades    | 1 |  1.1
Axes           | 1 |  1.1
Maces & Flails | 1 |  1.1
Staves         | 1 |  1.1
Slings         | 1 |  1.1
Bows           | 1 |  1.1
Crossbows      | 1 |  1.1
Stealth        | 1 |  1.1
Shields        | 1 |  1.1
Unarmed Combat | 1 |  1.1
Evocations     | 1 |  1.1
Fighting       | |  4.6
Polearms       | |  4.6
Throwing       | |  2.7
Armour         | |  2.7
Dodging        | |  4.6
Conjurations   | |  0.9
Hexes          | |  0.9
Summonings     | |  0.9
Necromancy     | |  0.9
Translocations | |  5.4
Transmutations | |  0.9
Fire Magic     | |  0.9
Ice Magic      | |  0.9
Air Magic      | |  0.9
Earth Magic    | |  0.9
Poison Magic   | |  0.9

Action                   |  1- 3 |  4- 6 || total
-------------------------+-------+-------++-------
Melee: Spear             |   101 |    56 ||   157
       Bite              |     8 |     6 ||    14
       Punch             |     2 |     2 ||     4
  Use: Potion            |       |     2 ||     2
 Stab: Distracted        |       |     1 ||     1
Armor: Leather armour    |     9 |     7 ||    16
Dodge: Dodged            |    45 |    29 ||    74
